 Dungeon Crawl Stone Soup version 0.31-a0-543-geaa9c7a2c0 (webtiles) character file.

Game seed: 17721421205109914506

9 GordonOverkill the Sneak (level 2, 0/16 HPs)
             Began as a Vine Stalker Delver on Aug 15, 2023.
             Slain by an orc
             ... wielding a +0 hand axe
              (4 damage)
             ... on level 4 of the Dungeon.
             The game lasted 00:03:08 (823 turns).

GordonOverkill the Sneak (Vine Stalker Delver)       Turns: 823, Time: 00:03:08

Health: 0/16       AC:  3    Str: 14    XL:     2   Next: 16%
Magic:  0/3        EV: 11    Int: 10    God:
Gold:   33         SH:  0    Dex: 15    Spells: 1/1 levels left

rFire   . . .        a - +0 short sword
rCold   . . .        (no shield)
rNeg    . . .        b - +0 leather armour
rPois   .            (no helmet)
rElec   .            (no cloak)
rCorr   .            (no gloves)
SInv    .            (no boots)
Will    .....        (no amulet)
Stlth   +++          (no ring)
HPRegen 0.22/turn    (no ring)
MPRegen 0.08/turn

%: guardian spirit
@: no status effects
A: fangs 2, magic shield, antimagic bite, no potion heal 2
a: no special abilities


You were on level 4 of the Dungeon.
You visited 1 branch of the dungeon, and saw 4 of its levels.

You collected 33 gold pieces.

Inventory:

Hand Weapons
 a - a +0 short sword (weapon)
Armour
 b - a +0 leather armour (worn)
Wands
 g - a wand of digging (2)
 i - a wand of flame (30)
Scrolls
 c - a scroll of fog
 d - a scroll of revelation
 e - a scroll of blinking {unknown}
 h - a scroll of poison {unknown}
Potions
 f - 2 potions of heal wounds {unknown}
 j - a potion of invisibility {unknown}
 k - a potion of resistance {unknown}


   Skills:
 - Level 3.0 Fighting
 + Level 2.2 Short Blades
 - Level 1.5 Dodging
 - Level 6.0 Stealth


You had one spell level left.
You didn't know any spells.
Your spell library contained the following spells:

 Spells                   Type           Power      Damage    Failure   Level
 Lesser Beckoning         Tloc           0%         N/A       58%         2
 Gell's Gravitas          Tloc           0%         N/A       82%         3
 Teleport Other           Tloc           0%         N/A       82%         3


Dungeon Overview and Level Annotations

Branches:
Dungeon (7/15)
 Temple: D:4-7

Altars:

Shops:
D:7 (

Annotations:
D:6 exclusions: adder, bullfrog and white imp


Innate Abilities, Weirdness & Mutations

You have extremely sharp teeth.
When hurt, damage is shared between your health and your magic reserves.
Your bite disrupts and absorbs the magic of your enemies.
Potions cannot restore your health.


Message History

The orc is lightly wounded.
The orc misses you.
You hit the orc but do no damage. Your bite misses the orc.
The orc is lightly wounded.
The orc hits you with a +0 hand axe.
You barely miss the orc.
The orc is lightly wounded.
The orc hits you with a +0 hand axe.
* * * LOW HITPOINT WARNING * * *
You are too injured to fight recklessly!
You are too injured to fight recklessly!
The orc attacks as you move away! The orc hits you with a +0 hand axe.
* * * LOW HITPOINT WARNING * * *
The endoplasm attacks as you move away! The endoplasm barely misses you.
The endoplasm attacks as you move away!
The endoplasm hits you but does no damage.
You hit the endoplasm but do no damage. You bite the endoplasm.
You drain its power.
You feel invigorated.
The endoplasm is moderately wounded.
The endoplasm freezes you.
You are frozen.
* * * LOW HITPOINT WARNING * * *
You hit the endoplasm.
You kill the endoplasm!
You hit the orc but do no damage.
The orc is lightly wounded.
The orc barely misses you.
You closely miss the orc. You bite the orc, but do no damage.
The orc is lightly wounded.
The orc closely misses you.
You completely miss the orc. You bite the orc, but do no damage.
The orc is lightly wounded.
The orc hits you with a +0 hand axe.
* * * LOW HITPOINT WARNING * * *
You hit the orc but do no damage.
The orc is lightly wounded.
You barely miss the orc. Your bite misses the orc.
The orc is lightly wounded.
The orc hits you with a +0 hand axe.
You die...

.#######... .. #.## ... #.#
...####### ### #.# .........#
#.. .#.# #.......# #.# #.#<#
#.......# #.#...#.#
##.......############.#.# #.#
............o@..........# #.#
##.......############.#####.#
###....................(...#
#....############.########
#$...# #.# #....# ... #....#
.#.## #....# #.#.# #.... #
#.#


You could see an orc.

Vanquished Creatures
  A dart slug (D:5)
  2 orcs (D:6)
  An endoplasm (D:4)
  A quokka (D:5)
5 creatures vanquished.

Notes
Turn   | Place    | Note
-------+----------+-------------------------------------------
     0 | D:5      | GordonOverkill the Vine Stalker Delver began the quest for
                  | the Orb.
     0 | D:5      | Reached XP level 1. HP: 11/11 MP: 2/2
    59 | D:6      | Noticed a bullfrog
    64 | D:7      | Noticed a black bear
    87 | D:7      | Noticed a jelly
    87 | D:7      | Found Tiku's Weapon Shop.
   271 | D:5      | Noticed a jelly
   437 | D:6      | Noticed an ice beast
   470 | D:6      | Reached XP level 2. HP: 16/16 MP: 3/3
   479 | D:6      | Noticed a troll
   480 | D:6      | Noticed a kobold brigand
   823 | D:4      | Slain by an orc

Illustrated notes

Levels and vault maps discovered:
D:4:      layout_basic, chequers_temple_overflow_statue_of_worship,
          amcnicky_mini_pool_small, uniq_robin, uniq_grinder
D:5:      layout_layer_cave, kennysheep_generic_room_7
D:6:      layout_loops_ring, lemuel_tele_altar, general_overflow_altar,
          minmay_temple_entry_gardened_gates, minmay_quadrilaterals
D:7:      layout_loops_cross, serial_shops, shop

Skill      XL: |  1 |
---------------+----+-----
Short Blades   | 2 |  2.2
Fighting       | 3 |  3.0
Dodging        | |  1.5
Stealth        | |  6.0

Action                     || total
---------------------------++-------
  Melee: Short sword       ||    27
         Bite              ||     9
         Punch             ||     1
  Evoke: Wand              ||     1
    Use: Potion            ||     1
         Scroll            ||     1
   Stab: Sleeping          ||     1
 Armour: Leather armour    ||     2
  Dodge: Dodged            ||    12

Table legend: (Time is in decaauts)
 A = Elapsed time spent in this place.
 B = Non-inter-level travel time spent in this place.
 C = Inter-level travel time spent in this place.
 D = Time resting spent in this place.
 E = Time spent auto-exploring this place.
 F = Levels seen in this place.
 G = Mean time per level.
                   A        B        C        D        E       F      G
               +--------+--------+--------+--------+--------+-----+--------+
         Total |    801 |    788 |     13 |     35 |    248 |   4 |  200.2 |
       Dungeon |    801 |    788 |     13 |     35 |    248 |   4 |  200.2 |
               +--------+--------+--------+--------+--------+-----+--------+

Top non-repeatable levels by time:
     D:5: 326 daAuts
     D:6: 289 daAuts
     D:4: 181 daAuts
     D:7: 3 daAuts
